Map: Pylon LE

Players

SkyTossFan - Winner!

  • Race: Protoss Protoss
  • League: Master
  • Spawn Location: 5:00

ManlyManMeat

  • Race: Zerg Zerg
  • League: Diamond
  • Spawn Location: 11:00

VOD

Have the link to the VOD?

Description

Time

  • Played on: July 9, 2025, 9:10 a.m.
  • Length: 17:03
Show
View Real Time Build Order
Export as new Build Order

SkyTossFan Protoss - Winner!

Build Orders: 1 Gate Expand, Blink Stalkers, Carriers, Colossus Rush 

Get SALT Encoding   

  12  0:01  Probe  
  13  0:13  Probe  
  14  0:22  Pylon  
  14  0:25  Probe  
  15  0:37  Probe  
  16  0:45  Probe  
  16  0:46  Assimilator  
  17  0:53  Gateway  
  17  1:07  Probe  
  18  1:19  Probe  
  19  1:31  Probe  
  20  1:34  Nexus  
  20  1:49  Cybernetics Core  
  20  1:53  Probe  
  21  2:01  Probe, Assimilator  
  21  2:04  Pylon  
  22  2:11  Probe  
  23  2:20  Stalker  
  23  2:23  Probe  
  23  2:27  Twilight Council  
  24  2:30  Warp Gate  
  26  2:44  Gateway  
  26  2:48  Probe  
  27  2:52  Stalker  
  29  2:58  Probe  
  29  3:03  Blink  
  30  3:11  Probe x2  
  32  3:23  Probe  
  33  3:46  Stalker x2  
  37  3:56  Probe  
  37  3:57  Nexus  
  37  3:58  Pylon  
  38  4:08  Probe x2  
  40  4:12  Assimilator  
  40  4:13  Robotics Facility  
  40  4:22  Probe x2  
  42  4:24  Shield Battery  
  42  4:34  Probe x2, Stalker  
  46  4:39  Sentry  
  48  4:46  Probe  
  49  4:56  Probe  
  49  4:58  Probe  
  49  4:59  Stalker  
  52  5:08  Probe  
  52  5:10  Observer  
  52  5:11  Probe x2  
  55  5:18  Robotics Bay  
  56  5:24  Observer  
  56  5:27  Gateway  
  57  5:28  Probe  
  57  5:29  Gateway  
  57  5:33  Probe  
  57  5:34  Pylon, Forge x2, Probe  
  60  5:35  Pylon  
  60  5:39  Stalker  
  60  5:41  Probe  
  60  5:42  Observer  
  64  5:45  Probe  
  64  5:46  Probe  
  66  5:58  Colossus, Stalker  
  66  6:02  Probe x2  
  70  6:07  Probe  
  71  6:18  Observer  
  77  6:19  Pylon  
  77  6:20  Gateway  
  77  6:21  Stalker  
  77  6:24  Robotics Facility  
  79  6:43  Probe  
  79  6:44  Colossus  
  79  6:51  Probe x3  
  88  6:57  Stalker x2  
  88  6:58  Shield Battery  
  88  7:01  Pylon  
  93  7:04  Pylon  
  93  7:10  Pylon  
  93  7:19  Probe x3  
  96  7:23  Photon Cannon  
  92  7:32  Stalker x5  
  92  7:36  Nexus  
  102  7:45  Observer x2  
  102  7:46  Assimilator  
  102  7:47  Probe x2  
  106  7:54  Nexus  
  106  7:57  Stalker, Assimilator  
  108  8:01  Assimilator  
  108  8:12  Probe  
  109  8:14  Pylon  
  109  8:17  Disruptor  
  113  8:21  Probe x2  
  115  8:31  Charge  
  115  8:32  Protoss Ground Weapons Level 1  
  115  8:34  Gateway x2  
  115  8:35  Probe  
  115  8:37  Gateway  
  115  8:38  Gateway, Shield Battery  
  115  8:40  Photon Cannon  
  115  8:41  Photon Cannon  
  115  8:49  Stalker x2  
  115  8:50  Zealot x3  
  123  9:09  Warp Prism  
  125  9:10  Stargate, Stalker  
  125  9:11  Stalker  
  125  9:18  Stalker  
  125  9:21  Stalker  
  125  9:23  Zealot  
  131  9:36  Stalker x2  
  131  9:37  Zealot x2  
  139  9:39  Probe  
  139  9:42  Pylon  
  140  9:45  Pylon  
  140  9:47  Pylon  
  140  9:50  Probe  
  134  9:53  Pylon  
  112  10:05  Stalker x4  
  102  10:07  Probe x3  
  102  10:08  Probe  
  102  10:19  Probe x3  
  97  10:21  Stalker x2  
  97  10:22  Stalker  
  103  10:40  Probe x2  
  105  10:44  Probe x2  
  105  10:47  Assimilator, Zealot x2  
  111  10:52  Probe x2, Assimilator  
  111  10:54  Zealot x4  
  111  10:56  Probe x2  
  123  11:04  Probe  
  123  11:05  Probe, Stalker x2  
  123  11:08  Dark Shrine, Probe  
  123  11:09  Probe  
  131  11:17  Probe  
  124  11:22  Disruptor  
  124  11:23  Disruptor, Zealot x5  
  124  11:24  Zealot x2  
  138  11:40  Stargate  
  138  11:41  Fleet Beacon, Probe x2  
  136  11:52  Nexus  
  126  12:10  Zealot x6  
  126  12:15  Colossus x2, Pylon  
  138  12:17  Zealot x3  
  138  12:18  Pylon  
  152  12:29  Carrier  
  150  12:35  Probe x2  
  150  12:38  Carrier  
  150  12:42  Dark Templar  
  160  12:44  Dark Templar  
  160  12:45  Dark Templar  
  160  12:53  Zealot x4  
  160  12:55  Dark Templar  
  156  13:23  Zealot x3  
  146  13:27  Stalker  
  146  13:28  Stalker x2  
  146  13:30  Zealot  
  146  13:40  Zealot x3  
  146  13:50  Dark Templar, Zealot x2  
  146  13:51  Dark Templar x3  
  152  14:01  Carrier x2  
  148  14:03  Zealot x3  
  152  14:19  Stalker x2  
  126  14:32  Stalker  
  126  14:33  Stalker x2  
  130  14:44  Dark Templar x3  
  136  14:46  Zealot x3  
  136  14:59  Carrier x2  
  136  15:04  Zealot x3  
  148  15:07  Zealot x3  
  146  15:18  Colossus  
  146  15:21  Zealot x3  
  152  15:30  Zealot  
  152  15:31  Zealot  
  146  15:48  Carrier  
  146  15:49  Assimilator  
  138  15:50  Zealot x6  
  138  15:53  Assimilator  
  154  16:08  Zealot x3  
  157  16:19  Zealot x4  
  157  16:20  Zealot  
  151  16:42  Stalker x2  
  151  16:43  Stalker x2  
  146  17:03  Zealot  
Show
View Real Time Build Order
Export as new Build Order

ManlyManMeat Zerg 

Build Orders: Hatch First 

Get SALT Encoding   

  12  0:00  Drone  
  13  0:08  Drone  
  14  0:14  Extractor  
  14  0:16  Drone  
  15  0:22  Overlord  
  15  0:40  Drone  
  16  0:47  Hatchery  
  15  0:50  Drone  
  15  0:54  Drone  
  17  1:01  Drone  
  18  1:06  Drone  
  18  1:08  Extractor  
  18  1:21  Spawning Pool  
  18  1:25  Drone  
  18  1:27  Drone  
  19  1:37  Drone  
  20  1:59  Overlord  
  20  2:05  Hatchery  
  19  2:10  Queen  
  21  2:16  Queen  
  21  2:20  Zergling x2  
  24  2:23  Zergling x2  
  24  2:29  Drone  
  26  2:31  Drone  
  26  2:34  Metabolic Boost  
  27  2:39  Drone  
  28  2:44  Drone x2  
  30  2:53  Overlord  
  30  2:56  Drone x2  
  32  3:03  Drone  
  33  3:12  Drone x2  
  35  3:14  Queen  
  35  3:15  Overlord  
  37  3:21  Overlord  
  37  3:23  Drone  
  37  3:24  Drone  
  39  3:31  Drone x3  
  41  3:42  Drone x4  
  41  3:44  Queen  
  41  3:47  Drone x2  
  48  3:58  Overlord x3  
  48  4:06  Spore Crawler  
  48  4:07  Spore Crawler  
  46  4:10  Extractor  
  46  4:11  Drone x4  
  49  4:19  Queen  
  49  4:23  Lair  
  51  4:27  Evolution Chamber  
  51  4:28  Drone  
  51  4:29  Drone, Extractor x2  
  51  4:30  Drone  
  51  4:38  Queen  
  51  4:41  Zergling x6  
  51  4:42  Zergling x2  
  57  4:48  Zergling x6  
  60  4:55  Drone  
  61  5:02  Drone x4  
  65  5:10  Drone x2  
  65  5:11  Drone, Overlord x3  
  68  5:23  Queen  
  68  5:25  Zerg Missile Weapons Level 1  
  68  5:26  Overlord  
  68  5:27  Drone  
  68  5:28  Zergling x2, Baneling Nest, Hydralisk Den  
  70  5:36  Drone x3  
  73  5:46  Roach Warren  
  73  5:48  Evolution Chamber  
  73  5:49  Drone  
  73  5:50  Drone  
  73  5:52  Drone x2  
  73  5:53  Drone x3, Zergling x2  
  73  5:54  Zergling x6  
  81  6:10  Drone, Spore Crawler  
  81  6:11  Drone x2  
  83  6:13  Hydralisk, Muscular Augments  
  83  6:14  Hydralisk  
  83  6:16  Hydralisk, Hatchery  
  88  6:20  Hydralisk  
  90  6:37  Hydralisk x5  
  90  6:38  Overlord x3  
  100  6:48  Hydralisk x2  
  100  6:50  Overlord x2  
  104  6:59  Hydralisk x2  
  108  7:04  Extractor  
  108  7:06  Extractor  
  105  7:10  Hydralisk  
  105  7:14  Drone x4  
  105  7:15  Drone  
  112  7:17  Grooved Spines  
  112  7:21  Zergling x8  
  116  7:29  Zergling x6  
  107  7:38  Hydralisk x3  
  113  7:44  Drone x3  
  116  7:58  Hydralisk x5  
  116  7:59  Zergling x12  
  132  8:07  Drone x3  
  132  8:09  Extractor x2  
  132  8:10  Hatchery  
  129  8:15  Zerg Melee Weapons Level 1, Hatchery, Infestation Pit  
  129  8:19  Hydralisk  
  129  8:32  Drone x3  
  129  8:33  Drone x3  
  136  8:34  Drone x2  
  136  8:35  Zerg Ground Armor Level 1  
  133  8:59  Hydralisk x3  
  133  9:00  Zergling x16  
  121  9:18  Infestor x3  
  121  9:20  Neural Parasite  
  125  9:25  Burrow  
  125  9:30  Hydralisk x3  
  126  9:31  Zergling x20  
  126  9:32  Zergling x10  
  126  9:33  Zergling x10  
  120  9:52  Hydralisk  
  120  9:53  Hydralisk x5, Zergling x4  
  120  9:54  Zergling x4  
  112  10:05  Hydralisk  
  112  10:06  Hydralisk x6  
  105  10:15  Hydralisk x4  
  110  10:33  Drone x3  
  113  10:36  Infestor x3  
  113  10:42  Drone x3  
  122  10:47  Queen x4  
  130  10:58  Zerg Missile Weapons Level 2  
  130  10:59  Zerg Ground Armor Level 2  
  128  11:20  Infestor x2  
  128  11:21  Zergling x8  
  132  11:27  Zergling x4  
  132  11:28  Zergling x8  
  132  11:31  Queen  
  132  11:32  Zergling x12  
  134  11:42  Drone x2  
  129  11:47  Queen  
  129  11:51  Infestor x5  
  129  11:54  Hydralisk x6  
  131  11:55  Zergling x12  
  149  12:03  Hydralisk x23  
  149  12:06  Queen  
  145  12:37  Hydralisk x4, Zergling x2, Infestor x3  
  145  12:38  Zergling x4, Hydralisk  
  145  12:39  Overlord x3  
  153  13:01  Hydralisk x11  
  171  13:08  Drone x5  
  174  13:13  Queen  
  134  13:34  Hydralisk x8  
  114  13:35  Zergling x12  
  114  13:40  Zergling x2  
  114  13:41  Zergling x2  
  130  13:59  Zergling x8  
  130  14:00  Zergling x16  
  121  14:10  Zergling x12  
  110  14:25  Zergling x18  
  105  14:33  Hydralisk x2  
  104  14:41  Overseer, Lair  
  104  14:44  Zergling x8  
  104  14:45  Zergling x10  
  109  14:52  Pneumatized Carapace  
  109  14:57  Drone x8  
  109  14:58  Drone  
  101  15:17  Hydralisk x5  
  101  15:18  Zergling x2  
  89  15:48  Infestor x4  
  97  16:04  Overseer  
  91  16:21  Hydralisk  
  91  16:22  Hydralisk x4  
  77  17:02  Spawning Pool  
Tags
 
Add a new tag
Caveats
  • Supply blocks, unpowered buildings, or Contaminate may cause inaccurate times.
  • Supply counts are checked every 10 seconds.